 Dungeon Crawl Stone Soup version 0.31-a0-1469-gd420192249 (webtiles) character file.

Game seed: 8580415640630102319

21593 whatisthis the Destroyer (level 12, -21/112 HPs)
             Began as a Yellow Draconian Conjurer on Dec 28, 2023.
             Was an Elder of Sif Muna.
             Killed by an exploding fulminant prism (24 damage)
             ... on level 2 of the Lair of Beasts.
             The game lasted 00:55:57 (18023 turns).

whatisthis the Destroyer (DrCj)                    Turns: 18023, Time: 00:55:58

Health: -21/112    AC: 10    Str: 10    XL:     12   Next: 55%
Magic:  19/28      EV: 26    Int: 27    God:    Sif Muna [****..]
Gold:   625        SH:  0    Dex:  7    Spells: 25/35 levels left

rFire   + . .        p - +2 demon trident (freeze)
rCold   . . .        (no shield)
rNeg    . . .        (body armour unavailable)
rPois   .            (helmet restricted)
rElec   +            d - +0 cloak
rCorr   +            (no gloves)
SInv    .            N - +0 pair of boots
Will    .....        r - amulet of the acrobat
Stlth   +            C - ring of Hinirch {Fly rElec Int+4 Dex-3}
HPRegen 0.38/turn    v - ring of protection from fire
MPRegen 0.21/turn

%: acrobat
@: about to teleport, short of breath, acrobatic, flying
A: spit acid, AC +8, unfitting armour, cold-blooded, acid resistance
a: Breathe Acid, Renounce Religion, Channel Magic, Forget Spell, Divine Exegesis


You were on level 2 of the Lair of Beasts.
You worshipped Sif Muna.
Sif Muna was greatly pleased with you.
You visited 2 branches of the dungeon, and saw 13 of its levels.

You collected 625 gold pieces.

Inventory:

Hand Weapons
 p - a +2 demon trident of freezing (weapon)
 s - a +2 short sword of venom
 y - a +0 hand axe of electrocution
Missiles
 e - 126 stones
 i - 38 poisoned darts
 G - 2 curare-tipped darts
 I - 4 javelins
 J - 3 boomerangs
Armour
 d - a +0 cloak (worn)
 N - a +0 pair of boots (worn)
Jewellery
 m - a +6 ring of dexterity
 r - an amulet of the acrobat (around neck)
 v - a ring of protection from fire (right hand)
 C - the ring of Hinirch (left hand) {Fly rElec Int+4 Dex-3}
   (You found it on level 7 of the Dungeon)

   [ring of flight]

   Int+4:     It affects your intelligence (+4).
   Dex-3:     It affects your dexterity (-3).
   rElec:     It insulates you from electricity.
   Fly:       It grants you flight.
 F - a ring of willpower
 O - a ring of willpower
Wands
 o - a wand of flame (20)
 D - a wand of roots (7)
 E - a wand of charming (6)
 H - a wand of polymorph (3)
Scrolls
 a - 3 scrolls of blinking
 b - 3 scrolls of poison
 c - 4 scrolls of fear {unknown}
 f - a scroll of amnesia {unknown}
 h - 4 scrolls of teleportation
 l - 3 scrolls of fog {unknown}
 n - 2 scrolls of noise {unknown}
 q - 3 scrolls of enchant weapon {unknown}
 x - 4 scrolls of revelation {unknown}
 A - a scroll of enchant armour {unknown}
 B - 2 scrolls of immolation {unknown}
 L - a scroll of vulnerability {unknown}
 M - a scroll of brand weapon {unknown}
Potions
 g - 3 potions of enlightenment
 j - a potion of mutation {unknown}
 k - 3 potions of heal wounds
 t - 2 potions of brilliance
 u - 2 potions of haste
 w - a potion of magic
 z - 2 potions of might {unknown}
 K - 4 potions of curing {unknown}


   Skills:
 + Level 12.0 Fighting
 - Level 1.7 Dodging
 - Level 1.7 Stealth
 + Level 12.0 Spellcasting
 - Level 12.4 Conjurations
 + Level 5.6 Invocations


You had 25 spell levels left.
You knew the following spells:

 Your Spells              Type           Power      Damage    Failure   Level
a - Magic Dart            Conj           100%       1d8       1%          1
b - Searing Ray           Conj           100%       2d8       1%          2
c - Stone Arrow           Conj/Erth      98%        3d13      1%          3
d - Fulminant Prism       Conj/Alch      24%        3d12      2%          4

Your spell library contained the following spells:

 Spells                   Type           Power      Damage    Failure   Level
 Kiss of Death            Conj/Necr      100%       2d13      1%          1
 Momentum Strike          Conj/Tloc      98%        3d10      1%          2
 Iskenderun's Mystic Bla  Conj/Tloc      49%        2d11      2%          4
 Blink                    Tloc           32%        N/A       5%          2
 Lesser Beckoning         Tloc           32%        N/A       5%          2
 Confusing Touch          Hex            16%        N/A       11%         3
 Summon Ice Beast         Ice/Summ       16%        N/A       11%         3
 Tukima's Dance           Hex            16%        N/A       11%         3
 Dimensional Bullseye     Hex/Tloc       8%         N/A       34%         4
 Dispel Undead            Necr           16%        3d10      34%         4
 Summon Mana Viper        Hex/Summ       16%        N/A       67%         5
 Monstrous Menagerie      Summ           8%         N/A       100%        7
 Lehudib's Crystal Spear  Conj/Erth      24%        10d7      100%        8
 Animate Armour           Summ/Erth      Unusable   N/A       N/A         4

Dungeon Overview and Level Annotations

Branches:
Dungeon (11/15)            Temple (0/1) D:5            Lair (2/5) D:11
  Swamp: Lair:2-3    Shoals: Lair:2-3     Snake: Lair:2-3    Spider: Lair:2-3
    Orc: D:9-12

Altars:
Ashenzari
Cheibriados
Gozag
Hepliaklqana
Kikubaaqudgha
Makhleb
Okawaru
Ru
Sif Muna
Vehumet
Yredelemnul
Zin

Shops:
D:1 *!!:   D:6 [

Annotations:
D:2 1 runed translucent door, Crazy Yiuf
D:5 3 runed translucent doors, Bobodoro's ghost, weakling OnDe; MisterAzrael's ghost, novice OpSh; osoart's ghost, novice SpBr
D:6 exclusion: door
D:8 Grum


Innate Abilities, Weirdness & Mutations

You can spit globs of acid.
Your golden yellow scales are hard. (AC +8)
You cannot fit into any form of body armour.
You are cold-blooded and may be slowed by cold attacks.
You are resistant to acid. (rCorr)


Message History

You hold your ground!
The elephant trunk-slaps you but does no damage.
The elephant tramples you.
* * * LOW HITPOINT WARNING * * *
You are shoved backwards!
As you read the scroll of teleportation, it crumbles to dust.
You feel strangely unstable.
The elephant is no longer covered in acid.
The elephant barely misses you.
The elephant trunk-slaps you but does no damage.
The elephant barely misses you.
The elephant trunk-slaps you but does no damage.
Casting: Fulminant Prism (mildly dangerous; 2% risk of failure)
Confirm with . or Enter, or press ? or * to list all spells.
Aiming: Fulminant Prism (mildly dangerous; 2% risk of failure)
Press: ? - help, Dir - move target, p - elephant You conjure a prism of explosive energy!
The blink frog croaks.
A fulminant prism comes into view.
The wyvern bites your fulminant prism! The elephant closely misses you.
The elephant barely misses you.
A bullfrog comes into view.
The elephant tramples you!
* * * LOW HITPOINT WARNING * * *
You hold your ground!
The elephant misses you. The elephant barely misses you.
The elephant trunk-slaps you.
* * * LOW HITPOINT WARNING * * *
Your fulminant prism crackles loudly.
The elephant tramples you but does no damage.
The elephant completely misses you. The elephant closely misses you.
The elephant misses you. The elephant tramples you!
* * * LOW HITPOINT WARNING * * *
You hold your ground!
The elephant completely misses you.
Your fulminant prism explodes!
The blast of energy engulfs the elephant!
The elephant is heavily wounded.
The blast of energy engulfs the elephant!!
The elephant is severely wounded.
The blast of energy engulfs you!!
You die...

.##.##.....#
........... .#
..........###.#
...............
.............
..F....... #
#Fk..## # ..
#@Y...# ##.# #..##
#YY..###..+.
.....##.<..##.....
.............+....
....##...........#
.. ##....P##...
#....## # #....#
#.......#


You could see 3 elephants, a blink frog, a wyvern and a bullfrog.

Vanquished Creatures
  Josephine (D:11)
  A centaur warrior (D:7)
  2 two-headed ogres (D:11)
  A cyclops (D:9)
  2 oklob plants (D:11)
  A meliai (D:7)
  2 centaur zombies (D:10)
  2 black mambas (Lair:1)
  3 gargoyles (D:11)
  3 cane toads
  4 komodo dragons
  2 trolls (D:11)
  A hornet (D:9)
  3 blink frogs
  6 wraiths
  A wyvern (D:7)
  A basilisk (Lair:1)
  34 yaks
  A vampire mosquito (D:7)
  3 steam dragons
  Edmund (D:6)
  An acid dragon (D:6)
  6 water moccasins
  A sky beast (D:7)
  Duvessa (D:4)
  2 black bears
  4 ice beasts
  2 orc warriors (D:7)
  An ogre (D:7)
  9 wolves
  3 phantoms (D:7)
  A centaur (D:9)
  5 kobold brigands
  7 bullfrogs
  A gnoll sergeant (D:7)
  2 scorpions (D:7)
  6 wights
  Dowan (D:4)
  7 killer bees
  2 howler monkeys (D:9)
  2 jellies
  2 gnoll boudas (D:7)
  6 orc priests
  5 bombardier beetles
  5 hounds
  6 iguanas
  2 sleepcaps
  12 orc wizards
  Robin (D:2)
  4 gnolls (D:7)
  11 adders
  A white imp (D:7)
  An ufetubus (D:7)
  A worm (D:2)
  5 dart slugs
  33 orcs
  4 endoplasms
  A giant cockroach (D:2)
  9 goblins
  9 hobgoblins
  6 quokkas
  12 ball pythons
  3 bats
  3 frilled lizards
  25 kobolds
  2 rats
308 creatures vanquished.

Vanquished Creatures (others)
  110 fulminant prisms
110 creatures vanquished.

Grand Total: 418 creatures vanquished

Notes
Turn   | Place    | Note
-------+----------+-------------------------------------------
     0 | D:1      | whatisthis the Draconian Conjurer began the quest for the
                  | Orb.
     0 | D:1      | Reached XP level 1. HP: 14/14 MP: 3/3
   239 | D:1      | Reached XP level 2. HP: 20/20 MP: 3/5
   273 | D:1      | Found a faded altar of an unknown god.
   399 | D:1      | Found Kizulece's Distillery.
   499 | D:1      | Found Yvviusm's Distillery.
   810 | D:1      | Noticed a walking divine tome
   811 | D:1      | Found Gion's Book Shop.
   812 | D:1      | Noticed a walking crystal tome
   985 | D:1      | Reached XP level 3. HP: 26/26 MP: 2/7
  1157 | D:1      | Found a transporter.
  1157 | D:1      | Found Pogoqoum's Assorted Antiques.
  1182 | D:1      | Found a transporter.
  1377 | D:2      | Learned a level 2 spell: Searing Ray
  1540 | D:2      | Noticed Robin
  1750 | D:2      | Killed Robin
  1901 | D:2      | Reached XP level 4. HP: 33/33 MP: 4/8
  2179 | D:2      | Found a runed translucent door.
  2180 | D:2      | Noticed Crazy Yiuf
  2263 | D:2      | Reached skill level 5 in Conjurations
  2714 | D:3      | Reached XP level 5. HP: 4/38 MP: 1/10
  3127 | D:3      | Found an iron altar of Okawaru.
  3563 | D:4      | Noticed Duvessa
  3563 | D:4      | Noticed Dowan
  3818 | D:4      | Learned a level 3 spell: Stone Arrow
  3855 | D:4      | Reached XP level 6. HP: 45/45 MP: 0/12
  4028 | D:4      | Found a shimmering blue altar of Sif Muna.
  4031 | D:4      | Became a worshipper of Sif Muna the Loreminder
  4143 | D:4      | Killed Duvessa
  4160 | D:4      | Killed Dowan
  4469 | D:5      | Entered Level 5 of the Dungeon
  4470 | D:5      | Found a faded altar of an unknown god.
  4491 | D:5      | Found a staircase to the Ecumenical Temple.
  4526 | D:5      | Reached skill level 5 in Spellcasting
  4790 | D:5      | Your scales start taking on a golden yellow colour.
  4790 | D:5      | Reached XP level 7. HP: 50/50 MP: 10/14
  4790 | D:5      | Gained mutation: You are resistant to acid. (rCorr) [Yellow
                  | Draconian growth]
  5149 | D:5      | Found a runed translucent gate.
  5151 | D:5      | Found a runed translucent gate.
  5442 | D:5      | Found a runed translucent gate.
  5442 | D:5      | Noticed osoart's ghost (novice SpBr)
  5443 | D:5      | Noticed MisterAzrael's ghost (novice OpSh)
  5443 | D:5      | Noticed Bobodoro's ghost (weakling OnDe)
  6062 | D:6      | Found a glowing silver altar of Zin.
  6065 | D:6      | Found a radiant altar of Vehumet.
  6065 | D:6      | Found a burning altar of Makhleb.
  6068 | D:6      | Found a snail-covered altar of Cheibriados.
  6501 | D:6      | Reached XP level 8. HP: 57/57 MP: 6/17
  6730 | D:6      | Found Nubuem's Antique Armour Boutique.
  6770 | D:6      | Reached * piety under Sif Muna
  6772 | D:6      | Noticed Edmund
  7081 | D:7      | Reached skill level 1 in Fighting
  7536 | D:7      | Found a broken altar of Ashenzari.
  7536 | D:7      | Found an ancient bone altar of Kikubaaqudgha.
  7970 | D:7      | Noticed a meliai
  8295 | D:6      | Reached XP level 9. HP: 53/71 MP: 12/20
  8531 | D:6      | Killed Edmund
  8931 | D:7      | Killed a meliai
  8936 | D:7      | Reached skill level 5 in Fighting
  9278 | D:7      | Found an opulent altar of Gozag.
  9444 | D:7      | Reached ** piety under Sif Muna
  9633 | D:7      | Reached skill level 10 in Conjurations
  9806 | D:7      | Identified the ring of Hinirch {Fly rElec Int+4 Dex-3}
 10009 | D:7      | Noticed a centaur warrior
 10016 | D:7      | Killed a centaur warrior
 10017 | D:7      | Reached XP level 10. HP: 61/86 MP: 3/22
 10756 | D:8      | Reached skill level 1 in Invocations
 11069 | D:8      | Noticed Grum
 11199 | D:8      | You are sucked into a shaft and drop 2 floors!
 11199 | D:10     | Entered Level 10 of the Dungeon
 11428 | D:9      | Noticed a cyclops
 11505 | D:10     | Learned a level 4 spell: Fulminant Prism
 11657 | D:9      | Killed a cyclops
 11982 | D:9      | Reached skill level 10 in Spellcasting
 11982 | D:9      | Reached XP level 11. HP: 95/95 MP: 4/25
 12703 | D:10     | Reached *** piety under Sif Muna
 13018 | D:10     | Found a basalt altar of Yredelemnul.
 13252 | D:9      | Reached skill level 10 in Fighting
 13496 | D:9      | Found a hazy altar of Hepliaklqana.
 13790 | D:9      | Found a sacrificial altar of Ru.
 14222 | D:11     | Noticed Josephine
 14225 | D:11     | Noticed a two-headed ogre
 14235 | D:11     | Killed Josephine
 14249 | D:11     | Killed a two-headed ogre
 14400 | D:11     | Noticed a two-headed ogre
 14427 | D:11     | Killed a two-headed ogre
 14594 | D:11     | Noticed an oklob plant
 14596 | D:11     | Noticed an oklob plant
 14641 | D:11     | Found a staircase to the Lair.
 14857 | D:11     | Reached XP level 12. HP: 108/108 MP: 9/27
 15729 | Lair:1   | Entered Level 1 of the Lair of Beasts
 17202 | Lair:1   | Reached skill level 5 in Invocations
 17724 | Lair:2   | Noticed a five-headed hydra
 17863 | Lair:2   | Noticed an eight-headed hydra
 17865 | Lair:2   | Noticed a death yak
 17870 | Lair:1   | Reached **** piety under Sif Muna
 18023 | Lair:2   | HP: 3/112 [elephant (8)]
 18023 | Lair:2   | Killed by an exploding fulminant prism

Illustrated notes

Levels and vault maps discovered:
D:1:      dpeg_arrival_yet_another_circle, layout_basic, serial_shops,
          nicolae_shop_peninsula, nicolae_shop_mannequins,
          nicolae_shop_drivethru, nicolae_shop_advertising_works
          [nicolae_subvault_shop_adworks], nicolae_ecumenical_snake_handling,
          nicolae_concentric_dashed_squares_mild, minmay_tetromino_l4
D:2:      layout_loops_ring, minivault_14, uniq_crazy_yiuf_cottage, uniq_robin
D:3:      layout_basic, lemuel_round_altar
D:4:      dreamdust_elfheim, layout_cave_pools, lemuel_blue_sif_altar,
          chequers_serial_rivers_micro_c
D:5:      layout_cave_pods, minmay_temple_entry_wispy, gammafunk_ghost_cemetery,
          serial_column_ruins, column_ruins_temple_circle,
          column_ruins_open_tiny, column_ruins_corridor_corner,
          column_ruins_corridor_dead_end, column_ruins_corridor_plus,
          column_ruins_grid_1
D:6:      minmay_chambers_of_threes, layout_basic, grunt_temple_overflow_open,
          serial_shops, shop, uniq_edmund
D:7:      nzn_winding_woodlands_stair_cross
          [nzn_winding_woodlands_5x15_sawtooth,
          nzn_winding_woodlands_center_lodge, nzn_winding_woodlands_5x15_cabin,
          nzn_winding_woodlands_5x5_closed_star,
          nzn_winding_woodlands_5x5_open_star, nzn_winding_woodlands_5x15_eye,
          nzn_winding_woodlands_center_triple_pond,
          nzn_winding_woodlands_5x15_pool], layout_gridville,
          nicolae_gozag_cash_rules_everything_around_me,
          gammafunk_temple_overflow_elements
D:8:      layout_loops_ring, overflow_temple_1_default,
          nicolae_straight_to_the_point, uniq_grum, uniq_maggie
D:9:      layout_small_grid, nicolae_ru_path_of_blood,
          mainiacjoe_overflow_six_doors_small
D:10:     layout_roguey, lemuel_zombie_altar_yredelemnul
D:11:     layout_cave_pods, dpeg_oklobed_lair, uniq_josephine
Lair:1:   layout_gridlike, grunt_megastairs_3
Lair:2:   layout_regular_city, mainiacjoe_swamp_entry_lozenge_pond,
          infiniplex_staircase_pool

Skill      XL: |  1  2  3  4  5  6  7  8  9 10 11 12 |
---------------+-------------------------------------+-----
Spellcasting   | 3 4 5 6 7 8 10 11 12 | 12.0
Conjurations   | 5 6 7 8 10 12 | 12.4
Fighting       | 3 7 8 10 12 | 12.0
Invocations    | 3 5 |  5.6
Dodging        | |  1.7
Stealth        | |  1.7

Action                     |  1- 3 |  4- 6 |  7- 9 | 10-12 || total
---------------------------+-------+-------+-------+-------++-------
  Melee: Unarmed           |    26 |       |       |       ||    26
         Tailslap          |     4 |     4 |    12 |    14 ||    34
         Punch             |     1 |     1 |     1 |       ||     3
         Spear             |    19 |    22 |       |       ||    41
         Trident           |       |    13 |       |       ||    13
         Dagger            |       |    10 |       |       ||    10
         Short sword       |       |       |    32 |     8 ||    40
         Hand axe          |       |       |    31 |     3 ||    34
         Demon trident     |       |       |       |    86 ||    86
  Throw: Dart              |       |     5 |       |       ||     5
   Cast: Magic Dart        |    75 |    87 |   108 |    41 ||   311
         Searing Ray       |     3 |    10 |     8 |     5 ||    26
         Stone Arrow       |       |     7 |    79 |    99 ||   185
         Fulminant Prism   |       |       |       |   110 ||   110
 Invoke: Channel Magic     |       |       |       |     3 ||     3
Ability: Breathe Acid      |       |       |     7 |     2 ||     9
  Evoke: Wand              |       |       |       |     1 ||     1
    Use: Potion            |       |     2 |       |       ||     2
         Scroll            |       |       |       |     9 ||     9
   Stab: Sleeping          |       |       |       |     1 ||     1
 Armour: Skin              |    23 |    78 |    74 |   205 ||   380
  Dodge: Dodged            |    50 |    50 |    83 |   166 ||   349

Table legend: (Time is in decaauts)
 A = Elapsed time spent in this place.
 B = Non-inter-level travel time spent in this place.
 C = Inter-level travel time spent in this place.
 D = Time resting spent in this place.
 E = Time spent auto-exploring this place.
 F = Levels seen in this place.
 G = Mean time per level.
                   A        B        C        D        E       F      G
               +--------+--------+--------+--------+--------+-----+--------+
         Total |  18085 |  17275 |    810 |   5951 |   7722 |  13 | 1391.2 |
       Dungeon |  16503 |  15796 |    707 |   5427 |   7213 |  11 | 1500.3 |
          Lair |   1581 |   1478 |    103 |    524 |    509 |   2 |  790.5 |
               +--------+--------+--------+--------+--------+-----+--------+

Top non-repeatable levels by time:
     D:7: 2641 daAuts
    D:11: 2312 daAuts
     D:6: 2038 daAuts
    D:10: 1840 daAuts
     D:1: 1471 daAuts
  Lair:1: 1470 daAuts
     D:5: 1397 daAuts
     D:9: 1130 daAuts
     D:2: 1129 daAuts
     D:4: 967 daAuts
     D:3: 910 daAuts
     D:8: 663 daAuts
  Lair:2: 111 daAuts
